Map: Base du roi Sejong EC

Players

RedBaron

  • Race: Zerg Zerg
  • League: Platinum

IA (très facile) - Winner!

  • Race: Protoss Protoss

VOD

Have the link to the VOD?

Description

Time

  • Played on: Aug. 29, 2016, 4:07 a.m.
  • Length: 5:19
Show
View Real Time Build Order
Export as new Build Order

RedBaron Zerg 

Build Orders: Hatch First 

Get SALT Encoding   

  12  0:01  Drone  
  13  0:13  Overlord  
  13  0:18  Drone  
  14  0:32  Drone  
  14  0:33  Drone  
  16  0:35  Drone  
  17  0:55  Hatchery  
  16  1:00  Drone  
  16  1:03  Extractor, Drone  
  17  1:08  Drone  
  18  1:20  Spawning Pool  
  18  1:23  Drone  
  18  1:32  Drone  
  19  1:39  Overlord  
  19  1:51  Drone  
  20  2:02  Drone  
  20  2:06  Queen  
  20  2:08  Queen  
  23  2:13  Metabolic Boost  
  25  2:15  Zergling x2  
  26  2:25  Drone x3  
  29  2:31  Overlord  
  29  2:41  Drone  
  29  2:42  Drone  
  31  2:45  Queen  
  31  2:50  Queen  
  35  3:08  Drone  
  36  3:13  Hatchery  
  36  3:14  Roach Warren  
  36  3:15  Drone  
  36  3:17  Extractor  
  34  3:34  Drone x4  
  36  3:36  Drone  
  36  3:38  Overlord  
  36  3:39  Overlord  
  39  3:47  Drone  
  39  3:48  Drone x3  
  43  4:02  Drone  
  44  4:03  Drone  
  44  4:04  Lair  
  44  4:08  Drone, Evolution Chamber  
  44  4:09  Evolution Chamber  
  44  4:11  Drone  
  44  4:15  Extractor  
  44  4:16  Extractor  
  43  4:17  Drone x2  
  43  4:20  Drone  
  46  4:26  Queen  
  48  4:35  Drone  
  48  4:36  Drone x3  
  48  4:37  Drone  
  53  4:49  Drone  
  53  4:50  Drone  
  55  5:09  Spire  
Show
View Real Time Build Order
Export as new Build Order

IA (très facile) Protoss - Winner!

Build Orders:  

Get SALT Encoding   

  12  0:01  Probe (Chrono Boost)  
  13  0:11  Probe (Chrono Boost)  
  14  0:19  Pylon  
  14  0:36  Assimilator  
  14  0:42  Gateway  
  14  0:45  Pylon  
  14  1:12  Assimilator  
  14  1:21  Probe (Chrono Boost)  
  15  1:31  Cybernetics Core, Probe (Chrono Boost)  
  16  1:42  Probe (Chrono Boost)  
  17  1:52  Probe (Chrono Boost)  
  18  1:57  Warp Gate  
  18  2:04  Probe (Chrono Boost)  
  19  2:09  Stalker  
  19  2:15  Probe (Chrono Boost)  
Tags
 
Add a new tag
Caveats
  • Supply blocks, unpowered buildings, or Contaminate may cause inaccurate times.
  • Supply counts are checked every 10 seconds.